AoeStats
← Chill_Deep

Nomad

507934874Analyzed
4v4 RM · 12d ago on Sep 20, 2026· 44m 37s· 8 players
Game mode
Random Map
Map size
231×231
Population
200
Speed
Normal
Resources
Standard
Victory
Conquest
Starting age
Dark Age
Ending age
Imperial Age
RankedLock teamsTeams togetherTeam positionsShared explorationLock speedFull tech treeHidden civsTurbo modeCheats
Victory
Defeat
🇲🇾 Celts · Malaysia
1220
+12
🇫🇷 Tatars · France
1219
+12
🇹🇷 Bohemians · Türkiye
1198
+13
🇬🇧 Burgundians · United Kingdom
1155
+15
🇹🇼 Persians · Taiwan
1176
-15
🇭🇰 Inca · Hong Kong SAR China
1144
-13
🇺🇸 Koreans · United States
1108
-12
🇹🇼 Franks · Taiwan
1103
-12
Aker Starlight
4:11 Loom
14:27 Feudal Age
14:55 Town Watch
15:22 Champi Runner
17:59 Fletching
22:48 Castle Age
23:05 Champi Warrior
25:03 Wheelbarrow
36:52 Double-Bit Axe
38:42 Horse Collar
Tw/binjiun
5:31 Loom
14:29 Feudal Age
16:48 Double-Bit Axe
19:30 Castle Age
17:22 Horse Collar
20:19 Bow Saw
21:18 Heavy Plow
26:09 Gold Mining
26:10 Stone Mining
28:13 Wheelbarrow
30:29 Hand Cart
31:05 Gold Shaft Mining
31:13 Scale Barding Armor
32:57 Chain Barding Armor
37:58 Imperial Age
38:52 Plate Barding Armor
38:11 Heavy Camel Rider
39:03 Bloodlines
40:10 Forging
Chill_Deep
5:50 Loom
14:17 Feudal Age
15:30 Double-Bit Axe
19:21 Castle Age
18:41 Fletching
20:26 Bodkin Arrow
24:28 Horse Collar
25:05 Bow Saw
25:40 Town Watch
29:39 Wheelbarrow
29:28 Scale Mail Armor
31:10 Eupseong
31:09 Gambesons
31:44 Chain Mail Armor
31:40 Treadmill Crane
34:53 Ballistics
34:43 Masonry
34:56 Stone Mining
35:01 Gold Mining
37:23 Forging
40:18 Imperial Age
38:04 Hand Cart
39:16 Murder Holes
41:31 Bracer
40:55 Elite Fire Lancer
yayagaga
3:30 Loom
14:41 Feudal Age
15:22 Double-Bit Axe
15:38 Town Watch
16:19 Fishing Lines
19:30 Gold Mining
21:02 Fletching
24:52 Castle Age
23:29 Scale Barding Armor
23:34 Forging
23:20 Stone Mining
25:04 Light Cavalry
26:06 Chain Barding Armor
31:08 Husbandry
31:51 Bow Saw
33:53 Iron Casting
34:15 Wheelbarrow
35:37 Gold Shaft Mining
42:10 Imperial Age
39:56 Hand Cart
40:23 Bodkin Arrow
42:31 Cavalier
長安
4:47 Loom
14:48 Feudal Age
18:31 Castle Age
17:43 Double-Bit Axe
19:19 Town Watch
27:08 Bow Saw
26:40 Horse Collar
28:54 Fletching
31:20 Wheelbarrow
30:49 Heavy Plow
31:09 Gold Mining
36:43 Imperial Age
35:29 Bodkin Arrow
36:03 Ballistics
39:12 Chemistry
39:23 Heavy Scorpion
41:08 Hand Cart
42:31 Furor Celtica
43:05 Capped Ram
44:24 Gold Shaft Mining
43:40 Stone Mining
44:28 Siege Ram
PatCrespo
9:13 Double-Bit Axe
10:15 Loom
12:03 Fishing Lines
13:40 Gold Mining
17:26 Feudal Age
18:16 Bow Saw
18:03 Gillnets
22:51 Castle Age
20:45 Stone Mining
21:32 Gold Shaft Mining
24:49 Two-Man Saw
26:29 Stone Shaft Mining
27:43 Wheelbarrow
26:54 Loom
26:54 Town Watch
27:32 Horse Collar
30:33 Scale Barding Armor
30:38 Forging
32:45 Chain Barding Armor
33:01 Iron Casting
35:06 Imperial Age
33:39 Ballistics
33:29 Masonry
33:00 Treadmill Crane
33:11 Guard Tower
37:14 Plate Barding Armor
37:39 Blast Furnace
36:55 Murder Holes
38:01 Chemistry
37:31 Architecture
37:30 Fletching
38:41 Blast Furnace
37:41 Scale Mail Armor
38:02 Elite Coustillier
42:18 Flemish Revolution
43:08 Conscription
43:45 Bodkin Arrow
44:29 Keep
43:39 Arrowslits
44:14 Bombard Tower
Alfred the Great
4:24 Loom
14:10 Feudal Age
14:45 Double-Bit Axe
15:44 Fletching
19:58 Fishing Lines
23:54 Castle Age
22:27 Town Watch
22:42 Horse Collar
24:30 Bodkin Arrow
24:27 Gillnets
25:02 Bow Saw
25:12 Medium Warships
25:50 Fervor
25:48 Heavy Plow
30:59 Wheelbarrow
38:23 Hand Cart
39:39 Forging
39:30 Scale Mail Armor
42:05 Imperial Age
39:53 Pikeman
40:34 Squires
41:30 Scale Mail Armor
42:05 Iron Casting
42:39 Chain Mail Armor
43:53 Chemistry
42:59 Siege Engineers
42:21 Capped Ram
43:57 Ballistics
43:33 Halberdier
45:29 Plate Mail Armor
45:00 Bracer
Fat-Brice
3:31 Loom
12:59 Feudal Age
15:28 Town Watch
19:06 Fletching
22:02 Castle Age
19:49 Double-Bit Axe
20:52 Padded Archer Armor
22:37 Elite Skirmisher
29:06 Wheelbarrow
29:39 Bodkin Arrow
32:07 Ballistics
32:37 Bloodlines
32:57 Leather Archer Armor
33:33 Husbandry
38:30 Bow Saw
41:28 Masonry
46:55 Imperial Age
Connection lost

Rejoining the realm…

Still unreachable

The connection could not be restored.

Session expired

The server has moved on; the page needs a fresh start.